Map: Shrines of Lizul

Players

IRbaboon

  • Race: Zerg Zerg
  • Spawn Location: 12:00

Viper

  • Race: Terran Terran
  • Spawn Location: 3:00

OpuS

  • Race: Protoss Protoss
  • League: Diamond
  • Spawn Location: 6:00

Sketchaphone

  • Race: Zerg Zerg
  • League: Platinum
  • Spawn Location: 9:00

VOD

Have the link to the VOD?

Description

Time

  • Played on: March 3, 2019, 9:24 p.m.
  • Length: 8:43
Show
View Real Time Build Order
Export as new Build Order

IRbaboon Zerg 

Build Orders: Pool First 

Get SALT Encoding   

  12  0:01  Drone  
  13  0:09  Drone  
  14  0:18  Overlord  
  14  0:37  Drone x3  
  17  0:50  Drone  
  17  0:56  Extractor  
  17  0:58  Spawning Pool  
  17  1:00  Drone  
  17  1:21  Hatchery  
  16  1:28  Drone x2  
  18  1:47  Zergling x4  
  18  1:50  Queen  
  22  1:55  Overlord  
  22  2:02  Metabolic Boost  
  22  2:17  Drone x2  
  24  2:26  Queen  
  26  2:31  Overlord  
  26  2:34  Drone  
  27  2:39  Zergling x2  
  27  2:47  Zergling x4  
  28  2:51  Queen  
  28  2:55  Zergling x2  
  30  3:21  Zergling x2, Lair, Baneling Nest  
  30  3:22  Zergling x6  
  33  3:36  Overlord  
  33  3:37  Zergling x6  
  36  3:43  Zergling x4  
  35  4:15  Zergling x10  
  35  4:16  Zergling x6  
  43  4:23  Queen  
  45  4:28  Queen  
  47  4:33  Zergling x2  
  45  5:11  Zergling x14  
  45  5:12  Zergling x2  
  51  5:25  Overlord x4  
  48  5:37  Drone  
  48  5:49  Drone x2  
  48  5:50  Drone x2  
  43  6:04  Drone x2  
  40  6:09  Overlord  
  37  6:19  Zergling x2  
  37  6:24  Queen  
  40  6:26  Queen, Hatchery  
  41  6:44  Zergling x8  
  41  6:45  Zergling x8  
  48  6:55  Zergling x4  
  50  7:21  Drone  
  50  7:22  Drone x3  
  54  7:25  Extractor  
  54  7:26  Extractor x2  
  52  7:30  Drone x2  
  53  7:42  Extractor  
  53  7:43  Extractor  
  51  7:58  Drone  
  52  7:59  Drone x10  
  62  8:11  Spire  
Show
View Real Time Build Order
Export as new Build Order

Viper Terran 

Build Orders:  

Get SALT Encoding   

  12  0:02  SCV  
  13  0:14  SCV  
  14  0:27  SCV  
  15  0:36  Supply Depot  
  15  1:02  SCV  
  16  1:09  Barracks  
  16  1:14  Barracks  
  16  1:19  Barracks  
  16  1:23  Barracks  
  16  1:32  Barracks  
  16  1:39  SCV  
  17  1:50  Supply Depot  
  17  1:56  Marine  
  18  2:02  Marine  
  18  2:07  Marine  
  20  2:10  Marine  
  20  2:13  SCV  
  22  2:15  Marine  
  22  2:21  Marine  
  24  2:24  Marine  
  25  2:33  Marine  
  25  2:34  Marine x2  
  28  2:39  Marine  
  29  2:55  Marine x2  
  31  3:15  Supply Depot  
  31  3:19  Engineering Bay  
  31  3:28  Supply Depot  
  31  3:37  Marine x5  
  36  3:44  Orbital Command  
  36  3:54  Marine x2  
  36  3:55  Marine x2  
  40  4:08  Marine  
  41  4:12  Marine x4  
  40  4:26  Marine  
  40  4:30  Marine x4  
  28  4:37  SCV  
  29  4:44  Marine  
  30  4:48  Marine x4  
  34  4:56  SCV  
  35  5:02  Marine  
  35  5:06  Marine x3, Missile Turret  
  39  5:08  SCV  
  40  5:17  Marine  
  40  5:19  Marine  
  40  5:20  SCV  
  40  5:28  Marine  
  36  5:29  Marine x2  
  36  5:35  Marine  
  36  5:37  Marine  
  36  5:42  SCV  
  34  5:46  Marine, Refinery  
  34  5:47  Marine x2  
  37  5:54  SCV  
  38  6:00  Command Center  
  38  6:06  Marine x4, SCV  
  43  6:18  SCV  
  43  6:19  Refinery  
  43  6:20  Marine  
  43  6:24  Marine x2  
  47  6:30  Supply Depot  
  47  6:39  Supply Depot  
  47  6:40  Barracks Tech Lab  
  47  6:51  Marine  
  47  6:52  Marine, SCV  
  50  6:57  Marine  
  50  6:58  Marine x2  
  53  7:04  SCV  
  53  7:09  Marine x2  
  55  7:15  Marine  
  55  7:16  SCV  
  55  7:21  Factory  
  57  7:27  Refinery  
  57  7:28  Marine, SCV, Refinery  
  60  7:34  Marine  
  61  7:39  Barracks Tech Lab  
  61  7:40  SCV  
  60  7:52  SCV  
  61  8:01  Marauder x2  
  61  8:04  SCV  
  66  8:16  SCV  
  66  8:19  Supply Depot  
  67  8:25  Barracks Tech Lab  
  69  8:29  SCV  
  69  8:30  SCV  
  69  8:34  Missile Turret  
Show
View Real Time Build Order
Export as new Build Order

OpuS Protoss 

Build Orders:  

Get SALT Encoding   

  12  0:01  Probe  
  13  0:13  Probe  
  14  0:20  Pylon  
  14  0:25  Probe  
  15  0:38  Gateway  
  15  0:46  Pylon  
  15  0:49  Probe  
  16  0:57  Assimilator  
  16  1:04  Assimilator  
  16  1:06  Probe  
  17  1:15  Gateway  
  17  1:25  Zealot  
  19  1:33  Cybernetics Core  
  19  1:37  Probe  
  19  1:47  Pylon  
  19  1:54  Zealot  
  19  1:55  Zealot  
  23  2:09  Warp Gate  
  23  2:13  Probe  
  23  2:21  Probe  
  25  2:31  Probe  
  26  2:37  Stalker  
  26  2:39  Stalker  
  30  2:59  Probe  
  31  3:08  Probe  
  26  3:17  Probe  
  26  3:19  Adept x2  
  30  3:23  Gateway  
  30  3:26  Twilight Council  
  31  3:39  Shield Battery  
  31  3:58  Adept x2  
  35  4:15  Charge  
  35  4:20  Adept x2  
  39  4:24  Pylon  
  39  4:26  Pylon  
  39  4:28  Pylon  
  35  4:49  Adept x2  
  35  4:50  Adept  
  39  5:20  Adept  
  39  5:21  Adept x2  
  18  5:52  Sentry x2  
  15  7:22  Probe  
  16  7:59  Sentry  
  19  8:20  Probe  
Show
View Real Time Build Order
Export as new Build Order

Sketchaphone Zerg 

Build Orders: Pool First 

Get SALT Encoding   

  12  0:01  Drone  
  13  0:08  Drone  
  14  0:27  Spawning Pool  
  13  0:33  Extractor, Drone  
  13  0:40  Overlord  
  13  0:47  Drone  
  14  1:10  Drone  
  14  1:11  Drone x2  
  16  1:14  Queen  
  19  1:21  Zergling x2  
  20  1:31  Overlord  
  20  1:43  Zergling x2  
  20  1:45  Metabolic Boost  
  21  1:54  Evolution Chamber, Zergling x2  
  21  2:14  Zergling x2  
  22  2:19  Zerg Melee Weapons Level 1  
  22  2:20  Zergling x2  
  23  2:26  Zergling x6  
  26  2:42  Hatchery  
  22  3:11  Drone x2, Baneling Nest  
  23  3:23  Zergling x4, Overlord  
  26  3:27  Drone  
  26  3:37  Overlord  
  26  3:39  Overlord  
  25  3:46  Overlord  
  23  4:04  Baneling x2  
  23  4:05  Baneling x2  
  23  4:06  Zergling x6  
  3  4:43  Baneling  
    6:40  Drone  
  1  7:43  Drone  
  2  8:16  Drone  
Tags
 
Add a new tag
Caveats
  • Supply blocks, unpowered buildings, or Contaminate may cause inaccurate times.
  • Supply counts are checked every 10 seconds.